 Dungeon Crawl Stone Soup version 0.32-a0-893-gf85d74f360 (webtiles) character file.

Game seed: 17901546923689192913

10056 Fodor the Cleaver (level 11, -4/97 HPs)
             Began as a Minotaur Fighter on Apr 3, 2024.
             Was an Initiate of Gozag.
             Slain by a basilisk (7 damage)
             ... on level 10 of the Dungeon.
             The game lasted 00:38:28 (9792 turns).

Fodor the Cleaver (Minotaur Fighter)                Turns: 9792, Time: 00:38:31

Health: -4/97      AC: 18    Str: 31    XL:     11   Next: 31%
Magic:  10/10      EV:  8    Int:  5    God:    Gozag
Gold:   1367       SH:  4    Dex: 10    Spells: 10/10 levels left

rFire   . . .        w - +0 flail (heavy)
rCold   . . .        c - +0 buckler
rNeg    . . .        v - +0 plate armour
rPois   .            (helmet restricted)
rElec   .            j - +0 cloak
rCorr   .            n - +0 pair of gloves
SInv    .            (no boots)
Will    +....        l - amulet of the acrobat Stlth
                     k - +4 ring of slaying
HPRegen 0.36/turn    J - +6 ring of strength
MPRegen 0.12/turn

%: acrobat
@: enlightened, flying
A: horns 2, retaliatory headbutt
a: Renounce Religion, Potion Petition, Call Merchant, Bribe Branch


You were on level 10 of the Dungeon.
You worshipped Gozag.
Gozag was most pleased with you.
You visited 1 branch of the dungeon, and saw 10 of its levels.
You also visited: Bailey.

You collected 2336 gold pieces.
You spent 434 gold pieces at shops.
You paid 535 gold pieces to Gozag.

Inventory:

Hand Weapons
 p - the +3 greatsling "Punk" {acid, rCorr}
   (You found it in a bailey)

   rCorr:     It protects you from acid and corrosion.
 w - a +0 heavy flail (weapon)
 G - a +3 war axe
 L - a +0 broad axe
 M - a +4 antimagic shortbow
Armour
 c - a +0 buckler (worn)
 j - a +0 cloak (worn)
 n - a +0 pair of gloves (worn)
 v - a +0 plate armour (worn)
Jewellery
 f - a ring of willpower
 k - a +4 ring of slaying (left hand)
 l - an amulet of the acrobat (around neck)
 t - a ring of protection from fire
 B - the ring of the Solemn God {rPois Str+2 Int+6 Dex+3 Slay-6}
   (You found it in a bailey)

   [ring of intelligence]

   Str+2:     It affects your strength (+2).
   Int+6:     It affects your intelligence (+6).
   Dex+3:     It affects your dexterity (+3).
   Slay-6:    It affects your accuracy & damage with ranged weapons and melee
   (-6).
   rPois:     It protects you from poison.
 D - an amulet of magic regeneration
 J - a +6 ring of strength (right hand)
Talismans
 z - a maw talisman
Wands
 y - a wand of flame (23)
 C - a wand of warping (11)
 F - a wand of mindburst (14)
Scrolls
 e - 2 scrolls of teleportation
 h - a scroll of fear
 o - 3 scrolls of immolation
 q - 2 scrolls of vulnerability
 r - 2 scrolls of fog
 s - 3 scrolls of noise
 A - 2 scrolls of torment
 E - 2 scrolls of enchant weapon {unknown}
 H - a scroll of enchant armour {unknown}
 K - a scroll of identify
Potions
 a - a potion of mutation {unknown}
 b - 2 potions of heal wounds {unknown}
 g - a potion of berserk rage {unknown}
 i - a potion of ambrosia {unknown}
 m - 3 potions of lignification
 u - a potion of resistance {unknown}
 x - a potion of haste {unknown}
 I - 3 potions of enlightenment


   Skills:
 + Level 9.3 Fighting
 + Level 14.2(14.3) Axes
 + Level 2.2(9.4) Maces & Flails
 + Level 4.0 Ranged Weapons
 + Level 11.6 Armour
 + Level 2.5 Dodging
 + Level 1.3 Stealth
 + Level 5.7 Shields


You had 10 spell levels left.
You didn't know any spells.
Your spell library contained the following spells:

 Spells                   Type           Power      Damage    Failure   Level
 Shock                    Conj/Air       0%         1d3       98%         1
 Cigotuvi's Dreadful Rot  Necr/Alch/Air  0%         N/A       99%         2
 Call Canine Familiar     Summ           0%         N/A       100%        3
 Frozen Ramparts          Ice            0%         1d1       100%        3
 Hailstorm                Conj/Ice       0%         3d5       100%        3
 Ozocubu's Armour         Ice            0%         N/A       100%        3
 Sigil of Binding         Hex            0%         N/A       100%        3
 Summon Ice Beast         Ice/Summ       0%         N/A       100%        3
 Swiftness                Air            0%         N/A       100%        3
 Airstrike                Air            0%         2d(0-16)  100%        4
 Dimensional Bullseye     Hex/Tloc       0%         N/A       100%        4
 Dispel Undead            Necr           0%         3d6       100%        4
 Martyr's Knell           Necr/Summ      0%         N/A       100%        4
 Metabolic Englaciation   Hex/Ice        0%         N/A       100%        5
 Death Channel            Necr           0%         N/A       100%        6
 Permafrost Eruption      Ice/Erth       0%         2x4d1     100%        6
 Sculpt Simulacrum        Ice/Alch       0%         N/A       100%        6


Dungeon Overview and Level Annotations

Branches:
Dungeon (10/15)            Temple (0/1) D:5          Bailey (visited)
   Lair: D:8-11         Orc: D:9-12

Altars:
Cheibriados
Gozag
Makhleb
Okawaru
Vehumet

Shops:
D:4 [   D:5 (   D:9 (


Innate Abilities, Weirdness & Mutations

You have a pair of horns on your head.
You reflexively headbutt those who attack you in melee.


Message History

The stone arrow hits you but does no damage.
A river rat comes into view.
The basilisk is distracted by your dazzling golden aura.
The basilisk hisses angrily.
The gargoyle hits you with a +0 mace!
The gargoyle hurls a stone arrow at you.
The stone arrow hits you. The gargoyle hits you with a +0 mace.
The gargoyle hurls a stone arrow at you.
The stone arrow hits you!!
The basilisk is no longer distracted by gold.
The gargoyle hurls a stone arrow at you.
The stone arrow hits you!!
* * * LOW HITPOINT WARNING * * *
A river rat comes into view.
The basilisk bites you.
* * * LOW HITPOINT WARNING * * *
The gargoyle hits you but does no damage.
The basilisk gazes at you. You resist with some effort.
The gargoyle hits you but does no damage.
The basilisk bites you.
* * * LOW HITPOINT WARNING * * *
The gargoyle hits you with a +0 mace!
* * * LOW HITPOINT WARNING * * *
The basilisk bites you but does no damage.
You turn to flesh and can move again.
You feel better. The gargoyle hits you with a +0 mace.
* * * LOW HITPOINT WARNING * * *
The basilisk bites you.
* * * LOW HITPOINT WARNING * * *
It was a potion of enlightenment.
You feel very buoyant.
You fly up into the air.
The gargoyle hurls a stone arrow at you.
The stone arrow hits you!
* * * LOW HITPOINT WARNING * * *
The basilisk bites you!
You die...
Your body crumbles into a pile of gold.

#.#######.)#.#
#....<))))...#
#..###.##.####
.#. #.##.#
....###..#.###
..............#
.##...###...##..#
#. #.#.# #
#.9@###.#
#...###lr..# #.#.
#r#....... #. .#
#$...###.. [#
.###.# # #. .# ..
.# .## # #


You could see a basilisk, a gargoyle and 2 river rats.

Vanquished Creatures
  Erica (D:8)
  A two-headed ogre (D:9)
  Pikel (D:8)
  An ugly thing (D:9)
  Sigmund (D:2)
  A wraith (D:10)
  9 yaks
  Eustachio (D:4)
  A wyvern (D:10)
  Grum (Bailey)
  4 vampire mosquitoes (D:10)
  2 acid dragons (D:9)
  A hornet zombie (D:7)
  4 orc warriors
  2 black bears (D:5)
  3 ice beasts
  A sky beast (D:7)
  8 wolves (Bailey)
  3 centaurs
  2 phantoms
  8 kobold brigands
  3 bullfrogs
  8 gnoll sergeants (Bailey)
  2 wyvern zombies (D:7)
  A scorpion (D:5)
  5 wights (D:7)
  3 howler monkeys
  2 bombardier beetles
  A bullfrog zombie (D:7)
  2 centaur zombies (D:7)
  4 hounds
  3 jellies
  4 orc priests
  Crazy Yiuf (D:7)
  6 gnoll boudas (Bailey)
  4 iguanas
  10 orc wizards
  2 sleepcaps (D:6)
  A howler monkey zombie (D:7)
  18 gnolls
  9 adders
  A shadow imp (D:5)
  5 dart slugs
  3 ribbon worms
  22 orcs
  4 ball pythons
  6 endoplasms
  4 giant cockroaches
  5 hobgoblins
  4 quokkas
  3 bats
  8 frilled lizards
  9 goblins
  36 kobolds
  5 rats
260 creatures vanquished.

Vanquished Creatures (others)
  A kobold (D:10)
1 creature vanquished.

Grand Total: 261 creatures vanquished

Notes
Turn   | Place    | Note
-------+----------+-------------------------------------------
     0 | D:1      | Fodor the Minotaur Fighter began the quest for the Orb.
     0 | D:1      | Reached XP level 1. HP: 19/19 MP: 0/0
   121 | D:1      | Reached XP level 2. HP: 27/27 MP: 1/1
   899 | D:2      | Reached XP level 3. HP: 33/33 MP: 2/2
  1102 | D:2      | Reached skill level 3 in Axes
  1276 | D:2      | Noticed Sigmund
  1290 | D:2      | Killed Sigmund
  1291 | D:2      | Reached skill level 5 in Axes
  1291 | D:2      | Reached skill level 5 in Armour
  1291 | D:2      | Reached XP level 4. HP: 14/40 MP: 3/3
  1291 | D:2      | Reached XP level 5. HP: 16/46 MP: 4/4
  1487 | D:2      | You fall into a shaft and drop 2 floors!
  1534 | D:4      | Reached skill level 1 in Dodging
  1590 | D:4      | Identified the +3 dagger of Instant Death {elec, rElec}
  1622 | D:4      | Found a burning altar of Makhleb.
  1629 | D:4      | Reached XP level 6. HP: 7/53 MP: 5/5
  1954 | D:4      | Noticed Eustachio
  1965 | D:4      | Killed Eustachio
  1966 | D:4      | Reached skill level 6 in Axes
  2400 | D:3      | Found an opulent altar of Gozag.
  2430 | D:3      | Became a worshipper of Gozag Ym Sagoz the Greedy
  2481 | D:3      | Reached XP level 7. HP: 60/60 MP: 6/6
  2924 | D:4      | Found a snail-covered altar of Cheibriados.
  3125 | D:4      | Found Ecampoer's Antique Armour Boutique.
  3226 | D:5      | Entered Level 5 of the Dungeon
  3419 | D:5      | Reached skill level 7 in Axes
  3465 | D:5      | Reached skill level 5 in Fighting
  3703 | D:5      | Found Zorer's Weapon Shoppe.
  3773 | D:5      | Reached skill level 8 in Axes
  3835 | D:5      | Reached XP level 8. HP: 60/69 MP: 7/7
  4004 | D:5      | Found a staircase to the Ecumenical Temple.
  4702 | D:6      | Reached skill level 5 in Shields
  5668 | D:7      | Reached skill level 9 in Axes
  5902 | D:7      | Reached skill level 10 in Axes
  5911 | D:7      | Reached XP level 9. HP: 75/75 MP: 8/8
  5985 | D:7      | Found a runed translucent door.
  5986 | D:7      | Noticed Crazy Yiuf
  5993 | D:7      | Killed Crazy Yiuf
  5998 | D:7      | Identified the +5 hammer of Traps {freeze, +Blink rCorr
                  | Dex+6}
  6000 | D:7      | Identified the +2 hammer of Recklessness {antimagic, *Rage
                  | *Noise rElec Int+5}
  6346 | D:7      | Identified the +3 dagger "Vaonaq" {drain, rPois rF+ Str+2
                  | Int+4}
  6449 | D:8      | Noticed Pikel
  6454 | D:8      | Killed Pikel
  6455 | D:8      | Reached skill level 11 in Axes
  6479 | D:8      | Reached skill level 1 in Stealth
  6729 | D:5      | Bought a +4 antimagic shortbow for 434 gold pieces
  6841 | D:8      | Reached skill level 12 in Axes
  6993 | D:8      | Reached XP level 10. HP: 52/86 MP: 9/9
  7183 | D:8      | Noticed Erica
  7199 | D:8      | Killed Erica
  7200 | D:8      | Reached skill level 13 in Axes
  7557 | D:8      | Found an iron altar of Okawaru.
  7563 | D:8      | Found a radiant altar of Vehumet.
  7660 | D:8      | Identified the +7 scimitar of Plague {venom, rElec Dex+2
                  | Stlth+}
  7792 | D:9      | Reached skill level 1 in Ranged Weapons
  7797 | D:9      | Reached skill level 10 in Armour
  7841 | D:9      | Found a flagged portal.
  7880 | Bailey   | Entered a bailey
  8025 | Bailey   | Noticed Grum
  8045 | Bailey   | Killed Grum
  8272 | Bailey   | Reached skill level 14 in Axes
  8317 | Bailey   | Reached skill level 1 in Maces & Flails
  8529 | Bailey   | Found the +3 greatsling "Punk" {acid, rCorr}
  8531 | Bailey   | Identified the ring of the Solemn God {rPois Str+2 Int+6
                  | Dex+3 Slay-6}
  8814 | D:9      | Noticed a red ugly thing
  8821 | D:9      | Killed a red ugly thing
  8822 | D:9      | Reached XP level 11. HP: 52/95 MP: 10/10
  9052 | D:9      | Noticed a two-headed ogre
  9059 | D:9      | Killed a two-headed ogre
  9698 | D:10     | Entered Level 10 of the Dungeon
  9792 | D:10     | HP: 3/97 [gargoyle/stone arrow (14)]
  9792 | D:10     | Slain by a basilisk

Illustrated notes

Levels and vault maps discovered:
D:1:      minmay_arrival_three_doors, layout_basic
D:2:      layout_basic, uniq_sigmund
D:3:      layout_loops_ring, old_standard_altar
D:4:      layout_loops_corners, cheibrodos_worm_habitat, bloody_makhleb,
          serial_shops, nicolae_lakefront_shop, uniq_eustachio
D:5:      layout_basic, lemuel_temple_firewalk_b, serial_shops,
          nicolae_shop_statue_plus
D:6:      layout_basic, serial_bayou_lagoon_a
D:7:      layout_rooms, serial_undead, serial_undead_b, serial_undead_e,
          serial_undead_c, serial_undead_e, serial_undead_c, serial_undead_e,
          uniq_crazy_yiuf_cottage
D:8:      layout_rooms, minitemple, minmay_unpleasant_kobolds, uniq_pikel,
          uniq_erica
D:9:      layout_stronghold, enter_bailey_5, grunt_decor_clamped
D:10:     layout_loops_ring, dpeg_lair_monsters, minmay_starry_boxes

Skill      XL: |  1  2  3  4  5  6  7  8  9 10 11 |
---------------+----------------------------------+-----
Shields        | 4 5 |  5.7
Armour         | 4 5 6 8 9 11 | 11.6
Fighting       | 4 5 7 8 9 |  9.3
Axes           | 5 6 8 10 12 14 | 14.2
Dodging        | 1 2 |  2.5
Stealth        | 1 |  1.3
Ranged Weapons | 1 4 |  4.0
Maces & Flails | 1 2 |  2.2

Action                     |  1- 3 |  4- 6 |  7- 9 | 10-12 || total
---------------------------+-------+-------+-------+-------++-------
  Melee: War axe           |    83 |    59 |   144 |    94 ||   380
         Headbutt          |     8 |     8 |    45 |    27 ||    88
         Broad axe         |       |       |    78 |    12 ||    90
         Flail             |       |       |       |    50 ||    50
   Fire: Greatsling        |       |       |       |    66 ||    66
         Shortbow          |       |       |       |     4 ||     4
  Throw: Throwing net      |       |       |       |     1 ||     1
 Invoke: Call Merchant     |       |       |       |     1 ||     1
  Evoke: Wand              |       |       |       |     1 ||     1
    Use: Scroll            |       |       |    10 |     2 ||    12
         Potion            |       |       |       |     8 ||     8
   Stab: Distracted        |       |       |       |     1 ||     1
 Armour: Scale mail        |    86 |    34 |       |       ||   120
         Plate armour      |       |     1 |   190 |   238 ||   429
  Dodge: Dodged            |    24 |    15 |    87 |   160 ||   286
  Block: Buckler           |    14 |    10 |    34 |    21 ||    79

Table legend: (Time is in decaauts)
 A = Elapsed time spent in this place.
 B = Non-inter-level travel time spent in this place.
 C = Inter-level travel time spent in this place.
 D = Time resting spent in this place.
 E = Time spent auto-exploring this place.
 F = Levels seen in this place.
 G = Mean time per level.
                   A        B        C        D        E       F      G
               +--------+--------+--------+--------+--------+-----+--------+
         Total |   9915 |   9608 |    307 |   1000 |   5655 |  11 |  901.4 |
       Dungeon |   9059 |   8752 |    307 |    704 |   5442 |  10 |  905.9 |
        Bailey |    855 |    855 |      0 |    296 |    213 |   1 |  855.0 |
               +--------+--------+--------+--------+--------+-----+--------+

Top non-repeatable levels by time:
     D:5: 1414 daAuts
     D:6: 1203 daAuts
     D:9: 1157 daAuts
     D:4: 1153 daAuts
     D:8: 1031 daAuts
     D:1: 863 daAuts
     D:7: 856 daAuts
  Bailey: 855 daAuts
     D:2: 656 daAuts
     D:3: 614 daAuts
    D:10: 110 daAuts
